 Dungeon Crawl Stone Soup version 0.32-a0-953-g508020473e (webtiles) character file.

Game seed: 10817190958880874014

8898 KennySheep the Thaumaturge (level 11, 0/54 HPs)
             Began as a Deep Elf Wanderer on Apr 16, 2024.
             Was a Plaything of Xom.
             Slain by a nameless horror (9 damage)
             ... created by miscasting Summon Cactus Giant
             ... on level 1 of the Lair of Beasts on Apr 17, 2024.
             The game lasted 01:19:37 (13104 turns).

KennySheep the Thaumaturge (Deep Elf Wanderer)     Turns: 13104, Time: 01:19:38

Health: 0/54       AC: 16    Str:  7    XL:     11   Next: 15%
Magic:  0/28       EV: 13    Int: 21    God:    Xom [*.....]
Gold:   538        SH:  0    Dex: 19    Spells: 13/33 levels left

rFire   + . .        M - +0 rapier (vamp)
rCold   . . .        (no shield)
rNeg    . . .        m - +3 robe "Eqeuxely" {*Corrode rPois rF+ Stlth+}
rPois   +            (no helmet)
rElec   .            z - +2 cloak {rPois}
rCorr   .            j - +2 pair of gloves of Untruth {Dex+2}
SInv    .            f - +0 pair of boots
Will    ++...        r - amulet of regeneration
Stlth   ++++++       l - +4 ring of protection
HPRegen 0.00/turn    i - +4 ring of protection
MPRegen 0.21/turn

%: corrode self (3%)
@: corroded, inhibited regen, hasted, studying 2 skills, very quick
A: frail 1, strong-willed 1, screaming 1, inhibited regeneration, no potion heal
1
a: Renounce Religion


You were on level 1 of the Lair of Beasts.
You worshipped Xom.
You were a special plaything of Xom.
You visited 4 branches of the dungeon, and saw 13 of its levels.

You collected 1018 gold pieces.
You spent 480 gold pieces at shops.

Inventory:

Hand Weapons
 a - a +2 short sword
 M - a +0 vampiric rapier (weapon)
Missiles
 t - 2 throwing nets
Armour
 b - a +0 pair of gloves
 d - a +0 robe
 f - a +0 pair of boots (worn)
 h - a +1 helmet
 j - the +2 pair of gloves of Untruth (worn) {Dex+2}
   (You bought it in a shop on level 6 of the Dungeon)

   Dex+2:     It affects your dexterity (+2).
 m - the +3 robe "Eqeuxely" (worn) {*Corrode rPois rF+ Stlth+}
   (You found it on level 2 of the Dungeon)

   rF+:       It protects you from fire.
   rPois:     It protects you from poison.
   *Corrode:  It may corrode you when you take damage.
   Stlth+:    It makes you more stealthy.
 z - a +2 cloak of poison resistance (worn)
 H - +0 fire dragon scales
Jewellery
 i - a +4 ring of protection (right hand)
 l - a +4 ring of protection (left hand)
 r - an amulet of regeneration (around neck)
 w - a ring of protection from cold
 A - an amulet of reflection
 B - an amulet of faith
 F - a +5 ring of evasion
 P - a +6 ring of dexterity
Wands
 s - a wand of polymorph (20)
 G - a wand of flame (33)
 N - a wand of roots (1)
Scrolls
 c - 4 scrolls of fog
 e - 3 scrolls of teleportation
 n - a scroll of enchant weapon
 o - a scroll of enchant armour
 p - 2 scrolls of poison
 q - a scroll of brand weapon
 u - 3 scrolls of blinking
 x - a scroll of amnesia
 y - 2 scrolls of noise
 K - 2 scrolls of fear
 O - a scroll of identify
Potions
 g - a potion of might
 k - a potion of resistance
 v - a potion of brilliance
 C - 2 potions of lignification
 D - 2 potions of degeneration
 E - a potion of attraction
 I - 2 potions of enlightenment
 J - a potion of mutation
 Q - a potion of cancellation {unknown}


   Skills:
 - Level 3.0 Fighting
 - Level 3.0 Short Blades
 - Level 4.0 Dodging
 + Level 10.2 Stealth
 + Level 11.9 Spellcasting
 - Level 4.0 Conjurations
 * Level 8.6 Summonings
 - Level 8.0 Translocations
 - Level 4.0 Air Magic


You had 13 spell levels left.
You knew the following spells:

 Your Spells              Type           Power      Damage    Failure   Level
a - Static Discharge      Conj/Air       58%        3-6/arc   1%          2
b - Blink                 Tloc           92%        N/A       1%          2
c - Summon Forest         Summ/Tloc      23%        N/A       4%          5
d - Summon Mana Viper     Hex/Summ       30%        N/A       26%         5
e - Summon Cactus Giant   Summ           24%        N/A       22%         6

Your spell library contained the following spells:

 Spells                   Type           Power      Damage    Failure   Level
 Magic Dart               Conj           100%       1d8       1%          1
 Lesser Beckoning         Tloc           92%        N/A       1%          2
 Momentum Strike          Conj/Tloc      74%        3d10      1%          2
 Searing Ray              Conj           58%        2d6       1%          2
 Call Canine Familiar     Summ           49%        N/A       1%          3
 Cigotuvi's Dreadful Rot  Necr/Alch/Air  36%        N/A       4%          2
 Martyr's Knell           Necr/Summ      30%        N/A       9%          4
 Dimensional Bullseye     Hex/Tloc       14%        N/A       11%         4
 Sigil of Binding         Hex            12%        N/A       16%         3
 Fulminant Prism          Conj/Alch      10%        3d9       24%         4
 Dispel Undead            Necr           12%        3d9       47%         4


Dungeon Overview and Level Annotations

Branches:
Dungeon (10/15)            Temple (1/1) D:6            Lair (1/5) D:9
    Orc (1/2) D:9

Altars:
Ashenzari
Dithmenos
Elyvilon
Fedhas
Gozag
Hepliaklqana
Kikubaaqudgha
Makhleb
Nemelex Xobeh
Okawaru
Qazlal
Ru
Sif Muna
Trog
Uskayaw
Vehumet
Wu Jian
Xom
Yredelemnul
Zin
The Shining One

Shops:
D:4 [*=   D:6 [[(*([   D:7 *   Orc:1 =[

Annotations:
D:8 Grum


Innate Abilities, Weirdness & Mutations

You are frail. (-10% HP)
You are strong-willed. (Will+)
You occasionally shout uncontrollably at your foes.
You do not regenerate when monsters are visible.
Potions are less effective at restoring your health.


Message History

Casting: Static Discharge (safe; 1% risk of failure)
Confirm with . or Enter, or press ? or * to list all spells.
The nameless horror is struck by an arc of lightning.
The nameless horror is moderately damaged.
You are struck by an arc of lightning.
The nameless horror is struck by an arc of lightning.
The nameless horror is moderately damaged.
You are struck by an arc of lightning.
The lightning grounds out.
The nameless horror hits you.
You feel your power leaking away.
Casting: Static Discharge (safe; 1% risk of failure)
Confirm with . or Enter, or press ? or * to list all spells.
You don't have enough magic to cast this spell.
Unknown command.
The nameless horror hits you but does no damage.
Xom's power touches on your mind for a moment.
You are confused.
The nameless horror attacks as it pursues you!
The nameless horror hits you but does no damage.
You see here 5 gold pieces.
The nameless horror attacks as it pursues you!
The nameless horror hits you but does no damage.
You bump into the rock wall.
The nameless horror hits you!
You feel your power leaking away.
You are too confused!
Unknown command.
Okay, then.
You are too confused!
Unknown command.
You bump into the rock wall.
The nameless horror misses you.
You're too confused to move!
The nameless horror hits you but does no damage.
You bump into the rock wall.
The nameless horror hits you!
* * * LOW HITPOINT WARNING * * *
You feel your power leaking away.
You feel yourself speed up.
You feel less confused. The nameless horror hits you!
You die...
Xom is highly amused!

#.##..~≈≈≈≈~.÷.###.#
##.....~≈≈≈≈........#
#.......≈≈..........#
##..................#
#........÷##..####.##
..........###....#..#
..........# ####$#.##
.........## #X#.#
..).....### #@..#
..........######.#.#
..........h....#...##
.....##..##......#..#
.##..../###......P.##
.#..###.###...h....##
#...###.....##.###..#
.....####..###.###.#
#....♣ #....#...#..#


You could see a nameless horror and a polar bear.

Vanquished Creatures
  A two-headed ogre (D:8)
  A komodo dragon (Lair:1)
  A polar bear (D:8)
  Prince Ribbit (D:7)
  A nameless horror (D:9)
  A vampire (D:8)
  Sigmund (D:3)
  A wyvern (D:8)
  A steam dragon (D:9)
  Menkaure (D:4)
  3 vampire mosquitoes (D:7)
  4 water moccasins
  2 sky beasts
  2 orc warriors
  4 ogres
  2 ice beasts
  2 wolves (D:8)
  2 centaurs
  A phantom (D:6)
  3 kobold brigands
  4 bullfrogs
  A gnoll sergeant (D:9)
  4 wights (D:7)
  7 killer bees
  3 electric eels
  4 howler monkeys (D:9)
  2 quasits (D:4)
  5 hounds
  5 orc priests
  3 bombardier beetles
  2 jellies
  3 gnoll boudas
  Ijyb (D:3)
  2 iguanas
  7 orc wizards
  A killer bee simulacrum (D:8)
  7 adders
  12 gnolls
  A shadow imp (D:4)
  8 white imps
  3 howler monkey simulacra (D:8)
  2 ufetubi (D:4)
  4 dart slugs
  A ribbon worm (D:4)
  41 orcs
  9 ball pythons
  4 bats
  7 endoplasms
  5 giant cockroaches
  7 goblins
  10 hobgoblins
  3 jackals (D:5)
  13 kobolds
  4 quokkas
  2 frilled lizards
  A rat (D:2)
233 creatures vanquished.

Vanquished Creatures (collateral kills)
  A cane toad (Lair:1)
  A komodo dragon (Lair:1)
  A troll (D:9)
  A water moccasin (Lair:1)
  6 orc warriors
  A sky beast (D:7)
  5 wolves (Lair:1)
  A kobold brigand (D:9)
  A bullfrog (Lair:1)
  A gnoll sergeant (D:9)
  2 electric eels (D:9)
  2 orc priests (Orc:1)
  An orc wizard (Orc:1)
  A gnoll (D:9)
  11 orcs
36 creatures vanquished.

Vanquished Creatures (others)
  An arcanist (D:6)
  A bat (D:3)
2 creatures vanquished.

Grand Total: 271 creatures vanquished

Notes
Turn   | Place    | Note
-------+----------+-------------------------------------------
     0 | D:1      | KennySheep the Deep Elf Wanderer began the quest for the
                  | Orb.
     0 | D:1      | KennySheep set off with the following items: a +2 short
                  | sword, a +0 pair of gloves, a scroll of fog, a +0 robe; and
                  | the following spells available to memorise: Momentum
                  | Strike, Static Discharge.
     0 | D:1      | Reached XP level 1. HP: 12/12 MP: 5/5
   244 | D:1      | Reached XP level 2. HP: 16/16 MP: 6/6
   267 | D:1      | Reached skill level 2 in Spellcasting
   600 | D:1      | Reached skill level 1 in Air Magic
   609 | D:1      | Learned a level 2 spell: Static Discharge
   664 | D:1      | Found a faded altar of an unknown god.
   672 | D:1      | Prayed at the altar of an unknown god.
   672 | D:1      | Became a worshipper of Xom of Chaos
  1012 | D:2      | Reached XP level 3. HP: 20/20 MP: 5/8
  1013 | D:2      | Identified the +3 robe "Eqeuxely" {*Corrode rPois rF+
                  | Stlth+}
  1394 | D:2      | Reached XP level 4. HP: 15/25 MP: 2/9
  1457 | D:2      | XOM is BORED!
  1457 | D:2      | XOM: give mutation
  1457 | D:2      | Gained mutation: You have hidden genetic defects. [Xom's
                  | mischief]
  1482 | D:2      | XOM: give mutation
  1482 | D:2      | Gained mutation: You are clumsy. (Dex -2) [Xom's mischief]
  1771 | D:3      | Noticed a sky beast
  1790 | D:3      | XOM: smoke on damage
  1797 | D:3      | XOM: divination: detect items
  1817 | D:3      | Killed a sky beast
  1818 | D:3      | Reached skill level 3 in Spellcasting
  1818 | D:3      | Reached XP level 5. HP: 5/30 MP: 8/12
  1833 | D:2      | Gained mutation: You are vulnerable to heat. (rF-) [hidden
                  | defects]
  1956 | D:3      | XOM: enchant monster (good)
  2054 | D:3      | Gained mutation: You occasionally shout uncontrollably at
                  | your foes. [hidden defects]
  2054 | D:3      | Lost mutation: You have hidden genetic defects. [hidden
                  | defects expressed]
  2094 | D:3      | Noticed Sigmund
  2179 | D:3      | Killed Sigmund
  2180 | D:3      | Reached skill level 4 in Spellcasting
  2180 | D:3      | Reached XP level 6. HP: 31/35 MP: 8/14
  2298 | D:3      | Noticed Ijyb
  2304 | D:3      | Killed Ijyb
  2415 | D:3      | You fall into a shaft and drop 2 floors!
  2415 | D:5      | Entered Level 5 of the Dungeon
  2428 | D:5      | Learned a level 2 spell: Blink
  2849 | D:4      | Reached XP level 7. HP: 40/40 MP: 15/15
  2858 | D:4      | Found Dykliluk's Jewellery Emporium.
  2928 | D:4      | XOM: confuse monster(s)
  2933 | D:4      | XOM: chaos upgrade
  2936 | D:4      | Reached skill level 1 in Translocations
  2970 | D:4      | XOM: give mutations
  2970 | D:4      | Gained mutation: You are partially covered in large bone
                  | plates. (SH +4) [Xom's mischief]
  2970 | D:4      | Lost mutation: You are partially covered in large bone
                  | plates. (SH +4) [Xom's mischief]
  2970 | D:4      | Gained mutation: You are partially covered in iridescent
                  | scales. (AC +2) [Xom's mischief]
  2970 | D:4      | Gained mutation: You do not regenerate when monsters are
                  | visible. [Xom's mischief]
  2988 | D:4      | Reached skill level 1 in Summonings
  3045 | D:4      | XOM: 1-stop teleportation journey
  3195 | D:4      | Found an ornate altar of the Wu Jian Council.
  3197 | D:4      | Noticed Menkaure
  3207 | D:4      | Killed Menkaure
  3208 | D:4      | Reached skill level 5 in Spellcasting
  3290 | D:4      | Learned a level 5 spell: Summon Forest
  3644 | D:3      | Found an opulent altar of Gozag.
  3714 | D:3      | XOM is BORED!
  3714 | D:3      | XOM: summons 4 hostile shadow creatures
  4415 | D:4      | Reached XP level 8. HP: 43/45 MP: 12/18
  4462 | D:4      | XOM: give mutations
  4462 | D:4      | Gained mutation: Your health recovers twice as slowly from
                  | being drained. [Xom's mischief]
  4462 | D:4      | Lost mutation: You are partially covered in iridescent
                  | scales. (AC +2) [Xom's mischief]
  4462 | D:4      | Gained mutation: You occasionally lose the ability to read
                  | scrolls when taking damage. [Xom's mischief]
  4472 | D:4      | Reached skill level 6 in Spellcasting
  4799 | D:4      | Found Amiyfit's Assorted Antiques.
  4921 | D:4      | XOM: stat loss: -1 Int (18/19)
  4926 | D:4      | Found Baseshef's Antique Armour Shop.
  4932 | D:4      | Bought an embroidered cloak for 195 gold pieces
  5067 | D:5      | XOM: scenery: create altars
  5596 | D:6      | Reached skill level 5 in Stealth
  6041 | D:6      | Found a staircase to the Ecumenical Temple.
  6073 | D:6      | Found Yredwytu's Armour Shoppe.
  6073 | D:6      | XOM: 6-stop teleportation journey
  6144 | D:6      | Found Peylan's Armour Emporium.
  6144 | D:6      | XOM: 8-stop teleportation journey
  6174 | Temple   | Entered the Ecumenical Temple
  6260 | D:6      | Found Gitimier's Weapon Emporium.
  6261 | D:6      | Found Ponuwusu's Antique Armour Shoppe.
  6266 | D:6      | Reached skill level 7 in Spellcasting
  6312 | D:6      | Found Poatib's Antique Weapon Shoppe.
  6312 | D:6      | Found Zamig's General Store.
  6376 | D:6      | XOM: swap monsters
  6448 | D:6      | XOM: give mutations
  6448 | D:6      | Gained mutation: You are partially covered in iridescent
                  | scales. (AC +2) [Xom's mischief]
  6448 | D:6      | Lost mutation: You are clumsy. (Dex -2) [Xom's mischief]
  6544 | D:6      | Found a bloodstained altar of Trog.
  6545 | D:6      | Noticed a wizard
  6550 | D:6      | Killed a wizard
  6646 | D:6      | XOM: torment (24/46 hp)
  6678 | D:7      | Found Qurevos's Assorted Antiques.
  6681 | D:7      | XOM: scenery: summon butterflies
  6697 | D:7      | Noticed Prince Ribbit
  6700 | D:7      | XOM: enchant monster (good)
  6703 | D:7      | Killed Prince Ribbit
  6704 | D:7      | Reached skill level 8 in Spellcasting
  6746 | D:7      | Found a sacrificial altar of Ru.
  6840 | D:7      | XOM: scenery: 3 doors open, 1 doors close
  6871 | D:7      | Reached XP level 9. HP: 41/50 MP: 18/23
  7345 | D:7      | XOM: scenery: create altars
  7353 | D:7      | Reached skill level 9 in Spellcasting
  7408 | D:7      | Learned a level 5 spell: Summon Mana Viper
  7415 | D:7      | Learned a level 6 spell: Summon Cactus Giant
  7486 | D:7      | Found a basalt altar of Yredelemnul.
  7486 | D:7      | Found an iron altar of Okawaru.
  7492 | D:7      | Found a blossoming altar of Fedhas.
  7553 | D:7      | XOM: god gift: 4 stones
  7613 | D:7      | XOM: silly message
  7795 | D:7      | Found a hazy altar of Hepliaklqana.
  7889 | D:7      | XOM: cast spell 'Fugue of the Fallen'
  7900 | D:7      | XOM: summons 3 hostile shadow creatures
  7910 | D:7      | Reached skill level 5 in Summonings
  7910 | D:7      | Reached skill level 5 in Translocations
  7937 | D:8      | Noticed Grum
  8051 | D:8      | Found a white marble altar of Elyvilon.
  8143 | D:8      | XOM: stat loss: -1 Dex (15/17)
  8156 | D:8      | XOM: give mutations
  8156 | D:8      | Gained mutation: You have a pair of small horns on your
                  | head. [Xom's mischief]
  8156 | D:8      | Gained mutation: Potions are less effective at restoring
                  | your health. [Xom's mischief]
  8156 | D:8      | Lost mutation: You have a pair of small horns on your head.
                  | [Xom's mischief]
  8156 | D:8      | Lost mutation: You occasionally lose the ability to read
                  | scrolls when taking damage. [Xom's mischief]
  8194 | D:8      | XOM: give mutations
  8194 | D:8      | Gained mutation: You have sharp toenails. [Xom's mischief]
  8194 | D:8      | Gained mutation: You are vulnerable to cold. (rC-) [Xom's
                  | mischief]
  8194 | D:8      | Lost mutation: You are partially covered in iridescent
                  | scales. (AC +2) [Xom's mischief]
  8194 | D:8      | Gained mutation: You are agile. (Dex +4, Str/Int -1) [Xom's
                  | mischief]
  8195 | D:8      | XOM: give mutation
  8195 | D:8      | Lost mutation: You are agile. (Dex +4, Str/Int -1) [Xom's
                  | mischief]
  8219 | D:8      | Noticed a polar bear
  8222 | D:8      | XOM: confusion
  8229 | D:8      | XOM: summons 3 hostile shadow creatures
  8262 | D:8      | Killed a polar bear
  8449 | D:8      | XOM: give mutations
  8449 | D:8      | Lost mutation: You have sharp toenails. [Xom's mischief]
  8449 | D:8      | Lost mutation: You are vulnerable to cold. (rC-) [Xom's
                  | mischief]
  8562 | D:8      | Noticed a two-headed ogre
  8564 | D:8      | Noticed a tengu warrior
  8771 | D:8      | Reached skill level 10 in Spellcasting
  8958 | D:8      | XOM: give mutations
  8958 | D:8      | Gained mutation: You are frail. (-10% HP) [Xom's mischief]
  8958 | D:8      | Gained mutation: A frigid envelope surrounds you and
                  | freezes all who hurt you. [Xom's mischief]
  8958 | D:8      | Lost mutation: A frigid envelope surrounds you and freezes
                  | all who hurt you. [Xom's mischief]
  9064 | D:8      | Killed a two-headed ogre
  9065 | D:8      | Reached XP level 10. HP: 22/50 MP: 12/26
  9076 | D:8      | XOM: stat loss: -1 Dex (16/17)
  9228 | D:8      | XOM: swap monsters
  9708 | D:9      | XOM: give mutations
  9708 | D:9      | Lost mutation: Your health recovers twice as slowly from
                  | being drained. [Xom's mischief]
  9708 | D:9      | Gained mutation: Armour fits poorly on your strangely
                  | shaped body. [Xom's mischief]
  9920 | D:9      | Found a staircase to the Orcish Mines.
  9935 | D:9      | XOM: chaos upgrade
 10109 | D:9      | XOM: draining
 10143 | D:9      | Found a shadowy altar of Dithmenos.
 10205 | D:9      | XOM: enchant monster (bad)
 10422 | D:9      | Identified the +1 war axe "Jist" {venom, rElec rPois}
 10663 | D:9      | Found a burning altar of Makhleb.
 10755 | D:9      | Reached skill level 11 in Spellcasting
 10786 | D:9      | Paralysed by a gnoll sergeant for 1 turns
 10843 | D:9      | Noticed a nameless horror
 10980 | D:9      | XOM: silly message
 11134 | D:9      | Killed a nameless horror
 11271 | D:9      | XOM: cloud trail
 11377 | D:9      | XOM: god gift: +0 vampiric rapier
 11388 | D:9      | Found a staircase to the Lair.
 11407 | D:9      | XOM: give mutations
 11407 | D:9      | Lost mutation: You are vulnerable to heat. (rF-) [Xom's
                  | mischief]
 11407 | D:9      | Lost mutation: Armour fits poorly on your strangely shaped
                  | body. [Xom's mischief]
 11484 | D:9      | XOM: cloud trail
 11510 | D:10     | Entered Level 10 of the Dungeon
 11517 | D:10     | XOM: god gift: amulet of faith
 11561 | D:10     | Found a sparkling altar of Nemelex Xobeh.
 11578 | D:10     | XOM: enchant monster (good)
 11686 | D:10     | Found a broken altar of Ashenzari.
 11712 | D:10     | Found a radiant altar of Vehumet.
 11762 | D:10     | XOM: fog
 11823 | Orc:1    | Entered Level 1 of the Orcish Mines
 11833 | Orc:1    | XOM: cast spell 'Summon Horrible Things'
 11838 | Orc:1    | Found Moorph's Antique Armour Boutique.
 11949 | Orc:1    | XOM: smoke on damage
 11961 | Orc:1    | HP: 2/50 [orc warrior/+0 trident (7)]
 12065 | Orc:1    | XOM: butterfly on damage
 12067 | Orc:1    | XOM: cast spell 'Cause Fear'
 12152 | Orc:1    | Found Ithron's Jewellery Boutique.
 12238 | D:8      | XOM: divination: detect items
 12323 | D:6      | Bought a pair of glimmering gloves for 285 gold pieces
 12323 | D:6      | Identified the +2 pair of gloves of Untruth {Dex+2} (You
                  | bought it in a shop on level 6 of the Dungeon)
 12478 | Lair:1   | Entered Level 1 of the Lair of Beasts
 12480 | Lair:1   | XOM: cast spell 'Alistair's Intoxication'
 12492 | Lair:1   | Noticed a nameless horror
 12611 | Lair:1   | XOM: summons friendly quasit
 12616 | Lair:1   | XOM: polymorph quasit -> rust devil
 12631 | Lair:1   | XOM: confuse monster(s)
 12659 | Lair:1   | XOM: scenery: summon butterflies
 12671 | Lair:1   | XOM: enchant monster (good)
 12675 | Lair:1   | XOM: butterfly on damage
 12679 | Lair:1   | Reached XP level 11. HP: 24/54 MP: 0/28
 12686 | Lair:1   | XOM: cleaving
 12689 | Lair:1   | XOM: scenery: create altars
 12782 | Lair:1   | XOM: give mutation
 12782 | Lair:1   | Gained mutation: You are strong-willed. (Will+) [Xom's
                  | mischief]
 12833 | Lair:1   | XOM: butterfly on damage
 12913 | Lair:1   | Reached skill level 10 in Stealth
 12934 | Lair:1   | XOM: potion effect (berserk rage)
 12945 | Lair:1   | XOM: cast spell 'Summon Horrible Things'
 13097 | Lair:1   | XOM: confusion
 13104 | Lair:1   | Slain by a nameless horror

Illustrated notes

Levels and vault maps discovered:
D:1:      dpeg_arrival_rooms_c, layout_loops_ring,
          shapermc_ecumenical_altar_flowoftime, serial_glass, glass_columns_a,
          glass_columns_c, glass_columns_a, glass_columns_b, glass_columns_c,
          glass_columns_c, glass_columns_a, glass_columns_b, glass_columns_a,
          glass_columns_b, glass_columns_c, glass_columns_b, glass_columns_a,
          glass_columns_a, minmay_ruptured
D:2:      layout_rooms
D:3:      layout_basic, mainiacjoe_overflow_catwalk, uniq_sigmund, uniq_ijyb
D:4:      layout_loops_ring, nzn_wu_jian_contemplation, serial_shops,
          nicolae_square_shop, nicolae_shop_pleasant_corner_grove,
          nicolae_shop_pleasant_corner_grove, serial_demonic, serial_demonic_g,
          serial_demonic_c, serial_demonic_g, serial_demonic_d,
          serial_demonic_a, serial_demonic_g, serial_demonic_c,
          minmay_manual_mail, uniq_menkaure
D:5:      layout_basic, supply_closet_lemuel
D:6:      layout_loops_ring, trog_wizard, minmay_temple_entry_poolview,
          nicolae_shop_national_dungeon_mall
D:7:      layout_loops_corners, mainiacjoe_overflow_tiny_flanked, minitemple,
          nicolae_ru_awakened_eye, serial_shops, shop, uniq_prince_ribbit1
D:8:      layout_loops_ring, elyvilon_altar_1, serial_ice, serial_ice_m,
          serial_ice_c, serial_ice_a, serial_ice_o, serial_ice_g, serial_ice_f,
          minmay_manual_moon, uniq_grum
D:9:      layout_basic, nicolae_dithmenos_the_darkroom, lightli_temple_of_fire,
          lair_entry_dummy, kennysheep_orc_monster_closet_entryway
D:10:     layout_basic, mainiacjoe_overflow_surrounded_room,
          kennysheep_slug_shrine, nemelex_diamond_rough_becter,
          mainiacjoe_overflow_alcove_1
Temple:   nicolae_temple_great_sept
Lair:1:   layout_loops_ring, infiniplex_staircase_pool
Orc:1:    layout_diamond_mine, serial_shops, shop, shop,
          nicolae_shop_getting_attention, shop, nicolae_shop_rolling_square

Skill      XL: |  1  2  3  4  5  6  7  8  9 10 11 |
---------------+----------------------------------+-----
Spellcasting   | 2 3 4 5 8 10 11 | 11.9
Air Magic      | 1 2 3 4 |  4.0
Dodging        | 2 3 4 |  4.0
Stealth        | 3 4 5 8 9 10 | 10.2
Conjurations   | 3 4 |  4.0
Fighting       | 2 3 |  3.0
Translocations | 2 4 6 8 |  8.0
Summonings     | 2 4 6 8 |  8.6
Short Blades   | |  3.0

Action                     |  1- 3 |  4- 6 |  7- 9 | 10-12 || total
---------------------------+-------+-------+-------+-------++-------
  Melee: Short sword       |    74 |   125 |   211 |    36 ||   446
         Rapier            |       |       |       |   132 ||   132
   Cast: Static Discharge  |    19 |    25 |   166 |   116 ||   326
         Summon Forest     |       |       |     1 |    13 ||    14
         Blink             |       |       |       |     1 ||     1
         Summon Cactus Gia |       |       |       |     1 ||     1
    Use: Scroll            |       |     4 |     7 |     8 ||    19
         Potion            |       |       |    11 |     5 ||    16
   Stab: Sleeping          |     5 |     5 |     9 |     6 ||    25
         Paralysed         |       |       |     3 |       ||     3
         Invisible         |       |       |     4 |       ||     4
         Distracted        |       |       |       |     3 ||     3
 Armour: Robe              |    51 |   110 |   422 |   381 ||   964
  Dodge: Dodged            |    27 |    83 |   237 |   200 ||   547

Table legend: (Time is in decaauts)
 A = Elapsed time spent in this place.
 B = Non-inter-level travel time spent in this place.
 C = Inter-level travel time spent in this place.
 D = Time resting spent in this place.
 E = Time spent auto-exploring this place.
 F = Levels seen in this place.
 G = Mean time per level.
                   A        B        C        D        E       F      G
               +--------+--------+--------+--------+--------+-----+--------+
         Total |  13046 |  12253 |    793 |   2158 |   7182 |  13 | 1003.5 |
       Dungeon |  12094 |  11324 |    770 |   1922 |   6909 |  10 | 1209.4 |
        Temple |      1 |      1 |      0 |      0 |      0 |   1 |    1.0 |
          Lair |    617 |    617 |      0 |    169 |    196 |   1 |  617.0 |
  Orcish Mines |    333 |    311 |     22 |     67 |     77 |   1 |  333.0 |
               +--------+--------+--------+--------+--------+-----+--------+

Top non-repeatable levels by time:
     D:9: 1983 daAuts
     D:8: 1790 daAuts
     D:4: 1458 daAuts
     D:7: 1361 daAuts
     D:3: 1303 daAuts
     D:6: 1137 daAuts
     D:2: 982 daAuts
     D:5: 911 daAuts
     D:1: 882 daAuts
  Lair:1: 617 daAuts
   Orc:1: 333 daAuts
    D:10: 282 daAuts
  Temple: 1 daAuts
